 Dungeon Crawl Stone Soup version 0.22-a0-412-g2b68d14 (webtiles) character file.

48941 4thArraOfDagon the Thaumaturge (level 14, -3/98 HPs)
             Began as a Mummy Fire Elementalist on May 11, 2018.
             Was a High Priest of Sif Muna.
             Slain by a wolf spider zombie (10 damage)
             ... on level 15 of the Dungeon on May 12, 2018.
             The game lasted 00:54:26 (13467 turns).

4thArraOfDagon the Thaumaturge (MuFE)              Turns: 13467, Time: 00:54:27

Health: -3/98      AC:  9    Str: 12    XL:     14   Next: 14%
Magic:  18/49      EV: 14    Int: 19    God:    Sif Muna [*****.]
Gold:   599        SH:  0    Dex: 12    Spells: 17/37 levels left

rFire    + . .     SeeInvis .   t - staff of power (curse) {!a}
rCold    x . .     Gourm    .   (no shield)
rNeg     + + +     Faith    .   d - +2 troll leather armour
rPois    ∞         Spirit   .   I - +0 Maxwell's etheric cage {RegenMP+ *Contam rElec MP+4}
rElec    +         Reflect  .   J - scarf {cloud immunity}
rCorr    .         Harm     .   o - +0 pair of gloves
MR       +....                  (no boots)
Stlth    +.........             (no amulet)
HPRegen  0.66/turn              n - ring of fire MPRegen 0.81/turn*
                                p - ring of fire

@: about to teleport, divine energy
A: no food or potions, fire vulnerability, cold resistance 1, negative energy
resistance 3, torment resistance, unbreathing, in touch with death 1
a: Stop Divine Energy, Channel Magic, Forget Spell, Renounce Religion


You were on level 15 of the Dungeon.
You worshipped Sif Muna.
Sif Muna was extremely pleased with you.
You were not hungry.

You visited 2 branches of the dungeon, and saw 16 of its levels.
You also visited: Labyrinth, Sewer and Bailey.

You collected 849 gold pieces.
You spent 250 gold pieces at shops.

Inventory:

Hand Weapons
 b - a +1 dagger of venom
 f - a +2 war axe of chopping
 l - a +7 flail of draining
 z - a +0 blowgun
 K - the +11 flail of the Lonely Mice {crush, rElec Dex+5, unknown}
   (You found it in a bailey)

   It inflicts extra damage upon your enemies.
   It affects your dexterity (+5).
   It insulates you from electricity.
Missiles
 m - 2 throwing nets (quivered)
 A - 8 curare-tipped needles
Armour
 a - a +0 robe
 d - a +2 troll leather armour (worn)
 j - a +2 ring mail of cold resistance
 o - a +0 pair of gloves (worn)
 v - a +1 hat
 I - the +0 Maxwell's etheric cage (worn) {RegenMP+ *Contam rElec MP+4}
   (You acquired it on level 13 of the Dungeon)

   It insulates you from electricity.
   It affects your magic capacity (+4).
   It causes magical contamination when unequipped.
 J - a scarf of cloud immunity (worn)
 N - the +10 shield of the Blue Moon {+Fly Str-5 Int+4}
   (You found it on level 15 of the Dungeon)

   It affects your strength (-5).
   It affects your intelligence (+4).
   It lets you fly.
Magical Staves
 t - a cursed staff of power (weapon) {!a}
 C - an uncursed staff of summoning {unknown}
Jewellery
 c - an uncursed ring of magical power
 n - a ring of fire (left hand)
 p - a ring of fire (right hand)
 s - an uncursed ring of resist corrosion
Wands
 i - a wand of iceblast (2)
 k - a wand of paralysis (50)
 u - a wand of scattershot (1)
 B - a wand of disintegration (7)
 D - a wand of acid (3)
 E - a wand of digging (9)
 L - a wand of enslavement (16)
Scrolls
 e - a scroll of identify
 h - 3 scrolls of amnesia
 q - 2 scrolls of magic mapping
 r - a scroll of random uselessness
 w - 2 scrolls of fear
 x - a scroll of summoning
 y - a scroll of torment
 F - a scroll of fog
 G - 2 scrolls of blinking {unknown}
 H - a scroll of enchant armour
 M - 3 scrolls of noise


   Skills:
 - Level 5.0 Fighting
 - Level 5.0 Armour
 - Level 5.0 Dodging
 - Level 1.5 Stealth
 + Level 12.3 Spellcasting
 * Level 12.2 Conjurations
 - Level 9.7 Fire Magic
 + Level 9.0 Invocations


You had 17 spell levels left.
You knew the following spells:

 Your Spells              Type           Power        Failure   Level  Hunger
a - Flame Tongue          Conj/Fire      #####        1%          1    N/A
b - Conjure Flame         Conj/Fire      #######.     1%          3    N/A
c - Sticky Flame          Conj/Fire      #######.     1%          4    N/A
d - Fireball              Conj/Fire      #######...   2%          5    N/A
e - Orb of Destruction    Conj           ######....   38%         7    N/A

Your spell library contained the following spells:

 Spells                   Type           Power        Failure   Level  Hunger
 Magic Dart               Conj           ####         1%          1    N/A
 Bolt of Magma            Conj/Fire/Erth ######....   11%         5    N/A
 Confuse                  Hex            ##......     22%         3    N/A
 Throw Flame              Conj/Fire      ######       1%          2    N/A
 Throw Frost              Conj/Ice       ####..       1%          2    N/A
 Mephitic Cloud           Conj/Pois/Air  ####....     4%          3    N/A
 Venom Bolt               Conj/Pois      ####......   17%         5    N/A
 Olgreb's Toxic Radiance  Pois           ##......     58%         4    N/A
 Summon Small Mammal      Summ           ##..         8%          1    N/A
 Lehudib's Crystal Spear  Conj/Erth      ####......   100%        8    N/A
 Iskenderun's Mystic Bla  Conj           ######..     1%          4    N/A
 Summon Ice Beast         Ice/Summ       ##......     58%         4    N/A
 Call Imp                 Summ           ##......     11%         2    N/A
 Tukima's Dance           Hex            ##......     22%         3    N/A
 Iron Shot                Conj/Erth      ####......   67%         6    N/A
 Shock                    Conj/Air       ####         1%          1    N/A
 Throw Icicle             Conj/Ice       ####....     6%          4    N/A
 Call Canine Familiar     Summ           ##......     22%         3    N/A
 Ensorcelled Hibernation  Hex/Ice        ##....       11%         2    N/A
 Corona                   Hex            ##.....      8%          1    N/A
 Excruciating Wounds      Chrm/Necr      ###.......   90%         5    N/A
 Inner Flame              Hex/Fire       ######..     3%          3    N/A
 Iskenderun's Battlesphe  Conj/Chrm      ####....     17%         5    N/A
 Fulminant Prism          Conj/Hex       ####......   6%          4    N/A
 Dazzling Spray           Conj/Hex       ####..       1%          3    N/A
 Force Lance              Conj/Tloc      ####....     6%          4    N/A
 Searing Ray              Conj           ######       1%          2    N/A
 Summon Lightning Spire   Summ/Air       ##......     58%         4    N/A
 Summon Guardian Golem    Hex/Summ       ##......     22%         3    N/A
 Spellforged Servitor     Conj/Summ      ####......   99%         7    N/A

Dungeon Overview and Level Annotations

Branches:
Dungeon (15/15)            Temple (1/1) D:5            Lair (0/6) D:10
    Orc (0/2) D:12         Vaults (0/5) D:13
 Depths: D:15

Altars:
Ashenzari
Cheibriados
Dithmenos
Elyvilon
Gozag
Hepliaklqana
Makhleb
Nemelex Xobeh
Qazlal
Sif Muna
Trog
Uskayaw
Vehumet
Wu Jian
Xom
Zin

Shops:
D:4 =   D:5 =   D:12 :

Annotations:
D:13 Frances


Innate Abilities, Weirdness & Mutations

You do not eat or drink.
Your flesh is vulnerable to fire.
You are immune to poison.
Your flesh is cold resistant. (rC+)
You are immune to negative energy. (rN+++)
You are immune to unholy pain and torment.
You can survive without breathing.
You are in touch with the powers of death.


Message History

Unknown command.
Okay, then.
Unknown command.
Unknown command.
Unknown command.
Unknown command.
Unknown command.
Unknown command.
Unknown command.
Press: ? - help, v - describe, . - travel
Here: a wolf spider zombie (black smoke)
The floor.
Unknown command.
As you read the scroll of fear, it crumbles to dust.
You assume a fearsome visage.
The centaur warrior looks frightened!
The crimson imp is unaffected.
The wolf spider zombie is unaffected.
The centaur warrior looks frightened!
The wolf spider zombie hits you but does no damage.
The wolf spider zombie bites you!
You die...

## # .# ..
...#
.....####
........###
#.
........@§##
#..
.......Z5§§#
..#
....§..cc§§#
.#
....§§..§§§#
#
.....§.§§§§#
......§§§§##
...........
.........#.
......# #


You could see 2 centaur warriors, a crimson imp and a wolf spider zombie.

Vanquished Creatures
  Kirke (D:14)
  An orc warlord (Bailey)
  A minotaur (Lab)
  4 vault guards (D:13)
  3 hydras
  Harold (D:11)
  2 two-headed ogres
  4 centaur warriors
  2 tengu warriors (D:15)
  Sonja (D:12)
  4 skeletal warriors (D:13)
  2 unseen horrors
  A wizard (D:15)
  A deep elf mage (D:14)
  3 manticores
  3 orc knights (D:15)
  A cyclops (D:15)
  6 ugly things
  2 centaur zombies
  A naga mage (D:15)
  A gargoyle (D:11)
  5 centaur skeletons
  The ghost of Curus the Insei, a novice MfTm (D:4)
  A komodo dragon (D:15)
  A freezing wraith (D:15)
  A tengu conjurer (D:15)
  7 trolls
  13 slime creatures
  Grinder (D:6)
  6 hippogriffs
  2 meliai zombies
  A shadow (D:12)
  Sigmund (D:6)
  A wraith (D:15)
  2 vampires
  14 yaks (D:11)
  A basilisk (D:15)
  7 hogs (D:14)
  3 wyverns
  3 hungry ghosts (D:11)
  7 vampire mosquitoes
  The ghost of Curus the Changer, an amateur MfTm (D:3)
  Edmund (D:6)
  3 acid dragons (D:15)
  A porcupine (shapeshifter) (D:13)
  2 hell hounds (D:10)
  12 orc warriors
  3 necrophages
  2 black bears
  3 eyes of draining
  3 ice beasts
  3 sky beasts
  An eye of draining (shapeshifter) (D:14)
  3 ogres
  30 centaurs
  A crocodile (Sewer)
  9 bullfrogs
  3 big kobolds
  A wyvern zombie (D:14)
  2 scorpions (D:6)
  A wyvern skeleton (D:15)
  18 killer bees
  8 wights
  4 howler monkeys
  A bullfrog zombie (D:12)
  10 crimson imps
  10 hounds
  2 jellies
  4 orc priests
  6 iguanas
  12 orc wizards
  15 worker ants
  A hound zombie (D:6)
  3 hound skeletons
  A worker ant zombie (D:11)
  13 adders
  17 gnolls
  A river rat (D:4)
  2 shadow imps
  2 adder skeletons
  An adder zombie (D:6)
  6 worms
  6 dart slugs
  7 leopard geckos
  55 orcs
  5 bats
  11 giant cockroaches
  19 hobgoblins
  12 jackals
  8 quokkas
  A ball python (D:1)
  4 frilled lizards
  A giant cockroach zombie (D:5)
  8 goblins
  A jackal skeleton (D:4)
  38 kobolds
  A leopard gecko skeleton (D:4)
  A quokka skeleton (D:4)
  9 rats
532 creatures vanquished.

Vanquished Creatures (others)
  A plant (D:6)
1 creature vanquished.

Grand Total: 533 creatures vanquished

Notes
Turn   | Place    | Note
-------+----------+-------------------------------------------
     0 | D:1      | 4thArraOfDagon the Mummy Fire Elementalist began the quest for the Orb.
     0 | D:1      | Reached XP level 1. HP: 13/13 MP: 4/4
    39 | D:1      | Reached skill level 1 in Conjurations
   117 | D:1      | Reached XP level 2. HP: 19/19 MP: 1/5
   555 | D:2      | Reached XP level 3. HP: 16/24 MP: 4/7
   566 | D:2      | Learned a level 3 spell: Conjure Flame
   679 | D:2      | Reached XP level 4. HP: 20/30 MP: 7/9
   692 | D:2      | Found a burning altar of Makhleb.
   787 | D:3      | Noticed Curus's ghost (amateur MfTm)
   818 | D:3      | Killed Curus's ghost
   818 | D:3      | Reached XP level 5. HP: 21/35 MP: 2/11
   994 | D:3      | Learned a level 4 spell: Sticky Flame
  1025 | D:3      | Found a sparkling altar of Nemelex Xobeh.
  1263 | D:4      | timbw: hi
  1278 | D:4      | Reached XP level 6. HP: 13/41 MP: 0/12
  1383 | D:4      | Found a snail-covered altar of Cheibriados.
  1384 | D:4      | Found a shattered altar of Ashenzari.
  1439 | D:4      | Found a glowing drain.
  1447 | Sewer    | Entered a sewer
  1662 | Sewer    | 4thArraOfDagon: heey
  1748 | D:4      | You fall through a shaft for 3 floors!
  1767 | D:7      | Noticed a hippogriff
  1971 | D:6      | Reached XP level 7. HP: 29/46 MP: 14/14
  2011 | D:5      | Entered Level 5 of the Dungeon
  2011 | D:5      | Found a staircase to the Ecumenical Temple.
  2020 | Temple   | Entered the Ecumenical Temple
  2070 | Temple   | Became a worshipper of Sif Muna the Loreminder
  2370 | D:5      | Found Houlaecwu's Jewellery Emporium.
  2378 | D:5      | timbw: thats a lot of magical power
  2409 | D:5      | Reached skill level 5 in Spellcasting
  2449 | D:5      | timbw: 90 gold for 2int
  2496 | D:4      | Found Pokloon's Jewellery Shoppe.
  2503 | D:4      | 4thArraOfDagon: what we have here
  2518 | D:4      | Reached skill level 5 in Fire Magic
  2518 | D:4      | Reached skill level 1 in Invocations
  2971 | D:4      | Learned a level 5 spell: Fireball
  3077 | D:4      | Reached * piety under Sif Muna
  3081 | D:4      | Found a bloodstained altar of Trog.
  3082 | D:4      | timbw: did they remove breadswinging?
  4479 | D:3      | Reached XP level 8. HP: 49/52 MP: 16/16
  4876 | D:4      | Noticed Curus's ghost (novice MfTm)
  4895 | D:4      | Killed Curus's ghost
  4895 | D:4      | Reached ** piety under Sif Muna
  4895 | D:4      | Reached skill level 5 in Conjurations
  5417 | D:4      | Bought an uncursed ring of fire for 250 gold pieces
  5430 | D:5      | 4thArraOfDagon: naa, but I'm bored xd
  5460 | D:6      | Noticed Sigmund
  5476 | D:6      | Killed Sigmund
  5526 | D:6      | Noticed Edmund
  5545 | D:6      | Killed Edmund
  5749 | D:6      | Noticed Grinder
  5766 | D:6      | Killed Grinder
  5766 | D:6      | Reached XP level 9. HP: 47/57 MP: 18/18
  5834 | D:6      | Reached *** piety under Sif Muna
  6809 | D:7      | Found a hazy altar of Hepliaklqana.
  7195 | D:8      | Reached **** piety under Sif Muna
  7383 | D:8      | Reached XP level 10. HP: 30/63 MP: 4/21
  8061 | D:9      | Noticed a two-headed ogre
  8068 | D:9      | Killed a two-headed ogre
  8491 | D:10     | Entered Level 10 of the Dungeon
  8591 | D:10     | Found a staircase to the Lair.
  8609 | D:10     | Reached skill level 1 in Fighting
  9011 | D:11     | Reached ***** piety under Sif Muna
  9011 | D:11     | Identified Sif Muna's Handbook of Helpful Combat Magic (Sif Muna gifted it to you on level 11 of the Dungeon)
  9011 | D:11     | Received a gift from Sif Muna
  9011 | D:11     | Reached skill level 1 in Armour
  9011 | D:11     | Reached skill level 5 in Invocations
  9218 | D:11     | Noticed a white ugly thing
  9218 | D:11     | Noticed a green ugly thing
  9227 | D:11     | Killed a white ugly thing
  9227 | D:11     | Reached XP level 11. HP: 59/72 MP: 17/23
  9229 | D:11     | Killed a green ugly thing
  9564 | D:11     | Noticed a cyan ugly thing
  9568 | D:11     | Killed a cyan ugly thing
  9693 | D:11     | Noticed Harold
  9697 | D:11     | Killed Harold
 10441 | D:12     | Found a staircase to the Orcish Mines.
 10704 | D:12     | Noticed Sonja
 10714 | D:12     | Killed Sonja
 10755 | D:12     | Identified Sif Muna's Disquisition on Scorching Poison (Sif Muna gifted it to you on level 12 of the Dungeon)
 10755 | D:12     | Received a gift from Sif Muna
 10849 | D:12     | Found Sewaosant's Book Emporium.
 10852 | D:12     | 4thArraOfDagon: you were right
 10852 | D:12     | 4thArraOfDagon: thats a lot of magical power xd
 10932 | D:12     | Noticed a cyan ugly thing
 10935 | D:12     | Killed a cyan ugly thing
 10935 | D:12     | Reached XP level 12. HP: 51/83 MP: 16/25
 11287 | D:12     | Upgraded the game from 0.22-a0-410-g97be04f to 0.22-a0-412-g2b68d14
 11349 | D:13     | Found a labyrinth entrance.
 11361 | Lab      | Entered a labyrinth
 11391 | Lab      | Noticed a minotaur
 11394 | Lab      | HP: 2/83 [minotaur/javelin of returning (38)]
 11396 | Lab      | Killed a minotaur
 11414 | Lab      | Learned a level 7 spell: Orb of Destruction
 11474 | D:13     | Noticed Frances
 11580 | D:13     | Noticed a centaur warrior
 11597 | D:13     | Killed a centaur warrior
 11653 | D:13     | Reached skill level 10 in Spellcasting
 11699 | D:13     | Found a flagged portal.
 11705 | Bailey   | Entered a bailey
 11710 | Bailey   | Noticed an orc warlord
 11771 | Bailey   | Found a runed gate.
 11772 | Bailey   | Found a runed gate.
 11774 | Bailey   | Found a runed gate.
 11891 | Bailey   | Killed an orc warlord
 11916 | Bailey   | Got a smoking scale mail
 11925 | Bailey   | Got an ichor-stained flail
 11930 | Bailey   | Identified a scroll of acquirement
 11931 | Bailey   | Identified the cursed +1 scale mail of Ufiroops {rC+ rCorr Int-5 Slay+3} (You found it in a bailey)
 12043 | D:13     | Noticed a vault guard
 12054 | D:13     | Noticed a vault guard
 12055 | D:13     | Killed a vault guard
 12055 | D:13     | Reached skill level 5 in Fighting
 12059 | D:13     | Killed a vault guard
 12059 | D:13     | Reached skill level 10 in Conjurations
 12085 | D:13     | Noticed a vault guard
 12093 | D:13     | Killed a vault guard
 12190 | D:13     | Noticed a vault guard
 12203 | D:13     | Killed a vault guard
 12226 | D:13     | Found a gate to the Vaults.
 12267 | D:13     | Noticed a centaur warrior
 12268 | D:13     | Gained mutation: You are in touch with the powers of death. [Mummy growth]
 12268 | D:13     | Reached XP level 13. HP: 91/91 MP: 13/27
 12270 | D:13     | Reached skill level 5 in Dodging
 12294 | D:13     | Reached skill level 5 in Armour
 12440 | D:13     | Found the +0 Maxwell's etheric cage {RegenMP+ *Contam rElec MP+4}
 12795 | D:14     | Noticed Kirke
 12807 | D:14     | Noticed a sphinx
 12807 | D:14     | Killed Kirke
 13016 | D:15     | Entered Level 15 of the Dungeon
 13241 | D:15     | Reached XP level 14. HP: 85/98 MP: 30/30
 13374 | D:15     | Identified the +10 shield of the Blue Moon {+Fly Str-5 Int+4} (You found it on level 15 of the Dungeon)
 13459 | D:15     | Identified Sif Muna's Papyrus of Execration and Shape Shifting (Sif Muna gifted it to you on level 15 of the Dungeon)
 13459 | D:15     | Received a gift from Sif Muna
 13467 | D:15     | Slain by a wolf spider zombie

Vault maps used:
D:1:      elethiomel_arrival_infinity_welcomes_careful_drivers
D:2:      lemuel_round_altar, first_ration
D:3:      nemelex_xobeh_ov_fountains_minmay, minmay_misc_feat_cross,
          patterned_corridor
D:4:      gammafunk_temple_overflow_pools, lightli_sewer_entry_pipes,
          serial_shops, shop, trog_three_pillars_becter
D:5:      minmay_temple_entry_purple_smoke, serial_shops, nicolae_shop_crystal
D:6:      serial_bayou_ford_a, uniq_grinder, uniq_sigmund, uniq_edmund
D:7:      lemuel_round_altar
D:10:     minmay_lair_entry_lava
D:11:     uniq_harold
D:12:     david_orc_2, serial_shops, shop, uniq_sonja
D:13:     lightli_vaults_fourway_checkpoint, enter_bailey_2, lab_entry_generic,
          uniq_frances
D:14:     uniq_kirke
D:15:     grunt_enter_depths_magical_seal, minmay_misc_feat_four_crosses
Temple:   minmay_crystal_spiral_temple
Lab:      labyrinth_hidden_loot, labyrinth_skeletal_remains
Sewer:    sewer_the_crocodile
Bailey:   bailey_axe_bossmonster_kennysheep, bailey

Skill      XL: |  1  2  3  4  5  6  7  8  9 10 11 12 13 14 |
---------------+-------------------------------------------+-----
Conjurations   | 1 2 3 4 6 7 8 9 10 11 12 | 12.2
Spellcasting   | 3 4 5 6 7 8 9 10 12 | 12.3
Fire Magic     | 3 4 5 6 7 8 9 |  9.7
Invocations    | 1 3 4 5 6 7 8 9 |  9.0
Fighting       | 2 3 5 |  5.0
Armour         | 1 3 4 5 |  5.0
Dodging        | 2 3 4 5 |  5.0
Stealth        | |  1.5

Action                   |  1- 3 |  4- 6 |  7- 9 | 10-12 | 13-15 || total
-------------------------+-------+-------+-------+-------+-------++-------
Melee: Dagger            |    37 |    52 |    30 |       |       ||   119
       Unarmed           |     4 |       |       |       |       ||     4
       War axe           |       |       |   149 |       |       ||   149
       Flail             |       |       |    77 |       |       ||    77
       Staff             |       |       |       |   151 |     7 ||   158
 Cast: Flame Tongue      |    34 |    54 |    85 |    31 |       ||   204
       Conjure Flame     |     1 |     3 |     6 |    35 |     6 ||    51
       Sticky Flame      |       |     5 |    42 |    57 |    21 ||   125
       Fireball          |       |       |     7 |   129 |   106 ||   242
Invok: Divine Energy     |       |       |     1 |       |       ||     1
       Channel Magic     |       |       |     2 |    16 |     7 ||    25
Evoke: Wand              |       |       |     2 |    16 |     3 ||    21
  Use: Scroll            |       |     4 |     8 |    14 |     9 ||    35
 Stab: Sleeping          |     2 |       |     1 |       |       ||     3
Armor: Robe              |    11 |    14 |       |       |       ||    25
       Ring mail         |       |       |   145 |    96 |       ||   241
       Troll leather arm |       |       |       |    29 |    26 ||    55
Dodge: Dodged            |    27 |    54 |   188 |   185 |    64 ||   518

Table legend:
 A = Spawn XP
 B = Non-spawn XP
 C = Spawn XP percentage of total XP
 D = Spawn monster count
 E = Non-spawn monster count
 F = Spawn count percentage of total count
 G = Total turns spent on level
                    A         B        C        D         E        F      G
               +---------+---------+-------+---------+---------+-------+---------
         Total |       0 |   69917 |   0.0 |       0 |     532 |   0.0 | 13467
               +---------+---------+-------+---------+---------+-------+---------
           D:1 |       0 |      38 |   0.0 |       0 |      20 |   0.0 |   951
           D:2 |       0 |     137 |   0.0 |       0 |      38 |   0.0 |   583
           D:3 |       0 |     308 |   0.0 |       0 |      27 |   0.0 |  1068
           D:4 |       0 |     800 |   0.0 |       0 |      38 |   0.0 |  1380
           D:5 |       0 |     485 |   0.0 |       0 |      17 |   0.0 |   832
           D:6 |       0 |    1420 |   0.0 |       0 |      28 |   0.0 |   718
           D:7 |       0 |     945 |   0.0 |       0 |      21 |   0.0 |  1000
           D:8 |       0 |    1386 |   0.0 |       0 |      21 |   0.0 |  1145
           D:9 |       0 |    2214 |   0.0 |       0 |      32 |   0.0 |   447
          D:10 |       0 |     637 |   0.0 |       0 |       7 |   0.0 |   512
          D:11 |       0 |    8400 |   0.0 |       0 |      57 |   0.0 |  1270
          D:12 |       0 |    6132 |   0.0 |       0 |      51 |   0.0 |  1191
          D:13 |       0 |   18882 |   0.0 |       0 |      55 |   0.0 |   680
          D:14 |       0 |   10814 |   0.0 |       0 |      39 |   0.0 |   479
          D:15 |       0 |   13941 |   0.0 |       0 |      47 |   0.0 |   431
           Lab |       0 |    1254 |   0.0 |       0 |       1 |   0.0 |    93
         Sewer |       0 |     116 |   0.0 |       0 |       6 |   0.0 |   268
        Bailey |       0 |    2008 |   0.0 |       0 |      27 |   0.0 |   320
               +---------+---------+-------+---------+---------+-------+---------
